 Dungeon Sprint DCSS version 0.31-a0-667-g39726597b9 (webtiles) character file.

Game seed: 7526016151485628965

25 sircluck the Slasher (level 3, -8/30 HPs)
             Began as a Barachi Reaver on Sept 3, 2023.
             Mangled by an ogre
             ... wielding a +0 giant spiked club
              (38 damage)
             ... in the Dungeon (Sprint I: "Red Sonja").
             The game lasted 00:00:16 (71 turns).

sircluck the Slasher (Barachi Reaver)                 Turns: 71, Time: 00:00:16

Health: -8/30      AC:  3    Str: 15    XL:     3   Next: 4%
Magic:  6/7        EV: 12    Int: 13    God:
Gold:   0          SH:  0    Dex: 10    Spells: 7/8 levels left

rFire   . . .        a - +0 falchion
rCold   . . .        (no shield)
rNeg    . . .        b - +0 leather armour
rPois   .            (no helmet)
rElec   .            (no cloak)
rCorr   .            (no gloves)
SInv    .            (no boots)
Will    .....        (no amulet)
Stlth   +            (no ring)
HPRegen 0.25/turn    (no ring)
MPRegen 0.10/turn

%: no teleportation
@: slow
A: amphibious, slowness 1, strong legs 1, +LOS
a: Hop


You were in the Dungeon.
You visited 1 branch

Inventory:

Hand Weapons
 a - a +0 falchion (weapon)
Armour
 b - a +0 leather armour (worn)
Wands
 i - a wand of acid (9)
Scrolls
 h - a scroll of blinking
Potions
 c - a potion of curing
 d - a potion of heal wounds
 e - a potion of haste
 f - 2 potions of magic
 g - a potion of berserk rage


   Skills:
 + Level 3.8 Fighting
 + Level 4.7 Long Blades
 + Level 3.5 Dodging
 + Level 3.3 Spellcasting
 + Level 4.3 Conjurations


You had 7 spell levels left.
You knew the following spells:

 Your Spells              Type           Power      Damage    Failure   Level
a - Kiss of Death         Conj/Necr      28%        2d7       12%         1

Your spell library contained the following spells:

 Spells                   Type           Power      Damage    Failure   Level
 Momentum Strike          Conj/Tloc      14%        3d8       17%         2
 Hailstorm                Conj/Ice       7%         3d4       34%         3


Dungeon Overview and Level Annotations

Branches:
Dungeon (1/1)

Altars:


Innate Abilities, Weirdness & Mutations

You are amphibious.
You cover ground slowly.
You can hop short distances.
You have an extended range of vision and can be seen from far away.


Message History

Press: ? - help, Shift-Dir - straight line, f/p - Ijyb
Aim: Ijyb, wielding a +0 club, wearing a +0 leather armour and carrying a wand of acid (severely wounded, heavily drained, 100% to hit)
The negative energy hits Ijyb!
Ijyb is drained!
You kill Ijyb!
You feel drained.
Your life force feels restored.
Your Fighting skill increases to level 3!
Your Long Blades skill increases to level 4!
Your Dodging skill increases to level 3!
Your Spellcasting skill increases to level 3!
Your Conjurations skill increases to level 4!
You have reached level 2!
You have reached level 3!
Your experience leads to an increase in your attributes!
Increase (S)trength, (I)ntelligence, or (D)exterity?
You feel stronger. x2
i - a wand of acid (10)
Things that are here:
a +0 club; a +0 leather armour You start resting.
HP restored.
You open the door.
An ogre comes into view. It is wielding a +0 giant spiked club.
The ogre shouts!
Aiming: Corrosive Bolt
Press: ? - help, Q - select action, (/) - cycle Shift-Dir - straight line, f - ogre
Aim: an ogre, wielding a +0 giant spiked club (86% to hit)
The bolt of acid hits the ogre!
The acid corrodes the ogre!
The ogre is heavily wounded.
You hit the ogre.
The ogre is heavily wounded.
The ogre completely misses you.
You hit the ogre.
The ogre is heavily wounded.
The ogre closely misses you.
You barely miss the ogre.
The ogre is heavily wounded.
The ogre hits you with a +0 giant spiked club!!!
Ouch! That really hurt!
You die...

##########
#<.#.@O..#
#..').#..+
#..#### +#
#..# #..#
#..# #⌠⌠#
####


You could see an ogre (corroded).

Vanquished Creatures
  Ijyb (D)
1 creature vanquished.

Notes
Turn   | Place    | Note
-------+----------+-------------------------------------------
     0 | D        | sircluck the Barachi Reaver began the quest for the Orb.
     0 | D        | Reached XP level 1. HP: 17/17 MP: 3/3
     1 | D        | Noticed Ijyb
     5 | D        | Killed Ijyb
     6 | D        | Reached XP level 2. HP: 12/25 MP: 0/6
     6 | D        | Reached XP level 3. HP: 14/30 MP: 0/7
    67 | D        | Noticed an ogre
    71 | D        | Mangled by an ogre

Illustrated notes

Levels and vault maps discovered:
D:        dungeon_sprint_1 [red_sonja_temple_1, red_sonja_temple_small_1]

Skill      XL: |  1 |
---------------+----+-----
Fighting       | 3 |  3.8
Long Blades    | 4 |  4.7
Dodging        | 3 |  3.5
Spellcasting   | 3 |  3.3
Conjurations   | 4 |  4.3

Action                     || total
---------------------------++-------
  Melee: Falchion          ||     3
   Cast: Kiss of Death     ||     3
  Evoke: Wand              ||     1
 Armour: Leather armour    ||     2
  Dodge: Dodged            ||     4

Table legend: (Time is in decaauts)
 A = Elapsed time spent in this place.
 B = Non-inter-level travel time spent in this place.
 C = Inter-level travel time spent in this place.
 D = Time resting spent in this place.
 E = Time spent auto-exploring this place.
 F = Levels seen in this place.
 G = Mean time per level.
                   A        B        C        D        E       F      G
               +--------+--------+--------+--------+--------+-----+--------+
         Total |     72 |     72 |      0 |     57 |      1 |   1 |   72.0 |
       Dungeon |     72 |     72 |      0 |     57 |      1 |   1 |   72.0 |
               +--------+--------+--------+--------+--------+-----+--------+

Top non-repeatable levels by time:
       D: 72 daAuts
